 Dungeon Crawl Stone Soup version 0.24-a0-499-g1074bba3cf (webtiles) character file.

Game seed: 7887350446457843253

216 KristoblXynda the Carver (level 5, -8/45 HPs)
             Began as a Draconian Gladiator on July 14, 2019.
             Killed from afar by Natasha (10 damage)
             ... with a magic dart
             ... on level 2 of the Dungeon.
             The game lasted 00:02:53 (1715 turns).

KristoblXynda the Carver (Draconian Gladiator)      Turns: 1715, Time: 00:02:53

Health: -8/45      AC:  0    Str: 16    XL:     5   Next: 61%
Magic:  5/5        EV: 17    Int: 10    God:
Gold:   150        SH:  0    Dex: 12    Spells: 4/4 levels left

rFire    . . .     SeeInvis .   (weapon currently unavailable)
rCold    . . .     Gourm    .   (shield currently unavailable)
rNeg     . . .     Faith    .   (armour unavailable)
rPois    .         Spirit   .   (helmet currently unavailable)
rElec    .         Reflect  .   (cloak currently unavailable)
rCorr    .         Harm     .   (gloves currently unavailable)
MR       .....                  (boots currently unavailable)
Stlth    +.........             (no amulet)
HPRegen  0.15/turn              (ring currently unavailable)
MPRegen  0.09/turn              (ring currently unavailable)

@: pig-form (expiring), very quick
A: small, unfitting armour, AC +5
a: no special abilities


You were on level 2 of the Dungeon.
You were not hungry.
You were a filthy swine.
You visited 1 branch of the dungeon, and saw 2 of its levels.

You collected 150 gold pieces.

Inventory:

Hand Weapons
 a - a +0 long sword (melded)
Missiles
 c - 3 throwing nets (quivered)
Armour
 b - a +0 hat (melded)
 k - a +0 buckler
 o - a +1 pair of boots (melded)
Jewellery
 g - an uncursed amulet of regeneration {unknown}
 h - an uncursed amulet of harm {unknown}
Scrolls
 f - a scroll of fear {unknown}
 i - a scroll of fog {unknown}
 j - a scroll of enchant armour {unknown}
 n - a scroll of identify {unknown}
 p - 2 scrolls of remove curse {unknown}
Potions
 e - a potion of haste
 l - a potion of ambrosia {unknown}
Comestibles
 d - 3 rations
 q - 4 chunks of flesh


   Skills:
 + Level 3.0 Fighting
 * Level 9.1 Long Blades
 - Level 2.0 Throwing
 + Level 6.1 Dodging
 - Level 5.4 Shields


You had 4 spell levels left.
You didn't know any spells.
Your spell library was empty.

Dungeon Overview and Level Annotations

Branches:
Dungeon (2/15)

Altars:

Annotations:
D:2 Natasha


Innate Abilities, Weirdness & Mutations

((Your plain brown scales are hard. (AC +5)))
You cannot fit into any form of body armour.
((You are cold-blooded and may be slowed by cold attacks.))


Message History

Natasha is lightly wounded.
Natasha zaps a wand.
You closely miss Natasha.
Natasha is lightly wounded.
Natasha closely misses you.
You closely miss Natasha.
Natasha is lightly wounded.
Your transformation is almost over.
Natasha closely misses you.
You barely miss Natasha.
Natasha is lightly wounded.
Natasha claws you!
* * * LOW HITPOINT WARNING * * *
Unknown command.
Natasha hisses.
Natasha casts a spell.
Natasha zaps a wand.
Natasha casts a spell at you. The magic dart hits you!
You die...

.............#.......
#........#..#.#.#.......
#.......................
#.^.<.......#.#.........
#.[.....................
##.........(......(......
#.................###..#.
#.................# #....
#.......h.........###....
#......................(
#...###...............(.
#.. #.......#.......... #
##...รท5.........(..#
#.......h...........
#.................#.
......................
.......................


You could see an iron imp and Natasha.

Vanquished Creatures
  Natasha (D:2)
  4 adders (D:2)
  A worm (D:2)
  4 orcs (D:2)
  8 bats
  3 giant cockroaches
  4 goblins (D:2)
  4 hobgoblins
  A quokka (D:2)
  5 frilled lizards
  7 kobolds
  7 rats
49 creatures vanquished.

Notes
Turn   | Place    | Note
-------+----------+-------------------------------------------
     0 | D:1      | KristoblXynda the Draconian Gladiator began the quest for
                  | the Orb.
     0 | D:1      | Reached XP level 1. HP: 17/17 MP: 1/1
   410 | D:1      | Reached XP level 2. HP: 22/24 MP: 2/2
  1168 | D:2      | Reached XP level 3. HP: 30/30 MP: 3/3
  1462 | D:2      | Reached skill level 4 in Long Blades
  1516 | D:2      | Reached XP level 4. HP: 32/37 MP: 4/4
  1668 | D:2      | Noticed Natasha
  1682 | D:2      | Killed Natasha
  1692 | D:2      | Noticed Natasha
  1705 | D:2      | Reached skill level 9 in Long Blades
  1705 | D:2      | Reached skill level 5 in Shields
  1705 | D:2      | Reached XP level 5. HP: 7/45 MP: 5/5
  1709 | D:2      | HP: 1/45 [Natasha (7)]
  1715 | D:2      | Killed from afar by Natasha

Levels and vault maps discovered:
D:1:      ncdulo_wetmaze, layout_loops_corners, minmay_misc_feat_cross
D:2:      minmay_skewed_foursquare, layout_basic, serial_glass, glass_columns_a,
          glass_columns_c, first_ration, minmay_pentomino_t4, uniq_natasha

Skill      XL: |  1  2  3  4 |
---------------+-------------+-----
Throwing       | 2 |  2.0
Dodging        | 3 6 |  6.1
Long Blades    | 4 9 |  9.1
Fighting       | 3 |  3.0
Shields        | 5 |  5.4

Action                   |  1- 3 |  4- 6 || total
-------------------------+-------+-------++-------
Melee: Long sword        |    90 |    29 ||   119
       Tailslap          |    14 |     2 ||    16
       Unarmed           |       |     7 ||     7
  Use: Potion            |     2 |     2 ||     4
 Stab: Sleeping          |     1 |       ||     1
  Eat: Chunk             |     2 |     1 ||     3
Armor: Skin              |    37 |    11 ||    48
Dodge: Dodged            |    98 |    31 ||   129
       Rpst.: Long sword |    27 |     8 ||    35

Table legend:
 A = Non-vault XP
 B = Vault XP
 C = Vault XP percentage of total XP
 D = Non-vault monster count
 E = Vault monster count
 F = Vault count percentage of total count
                 A         B        C        D         E       F
            +---------+---------+-------+---------+---------+-------
      Total |     100 |      58 |  36.7 |      38 |      11 |  22.4
            +---------+---------+-------+---------+---------+-------
        D:1 |      17 |       0 |   0.0 |      12 |       0 |   0.0
        D:2 |      83 |      58 |  41.1 |      26 |      11 |  29.7
            +---------+---------+-------+---------+---------+-------
